Unix NetHack Version 5.0.0-0 post-release - last build May 31 2026 23:59:36 (970b52f25bf058293b47ddfd14a1e40e571c508c,branch:main).

Game began 2026-06-06 16:37:38, ended 2026-06-06 21:50:01.

Eymerich, chaotic male elven Priest

                                                             ----------
                                                             |........|
                                                             .........|
                                                             |........|
                                          #@Bd###############........<|
                                                             |........|
                                                             ----------

Eymerich the Acolyte         St:12 Dx:10 Co:13 In:9 Wi:20 Ch:10  Chaotic
Dlvl:6  $:82 HP:0(27) Pw:48(52) AC:8  Xp:4 T:2172 

Latest messages:
 The corpse misses Pinky.
 Pinky eats a giant bat corpse.
 You see here a purple-red potion.
 G - a purple-red potion.
 What do you want to use or apply? [mqrBD or ?*]
 Sorry, I don't know how to use that.
 You swap places with Pinky.
 You see here a slime mold.
 H - a slime mold.
 You see here a ruby potion.
 I - a ruby potion.
 What do you want to use or apply? [mqrBD or ?*]
 Sorry, I don't know how to use that.
 You see here 2 gold pieces.
 $ - 2 gold pieces (82 in total).
 You see here a fortune cookie.
 J - a fortune cookie.
 You see here 2 cloves of garlic.
 e - 2 cloves of garlic (3 in total).
 You see here a stethoscope.
 K - a stethoscope.
 You swap places with Pinky.
 You swap places with Pinky.
 You descend the stairs.
 You hit the iguana.
 Pinky bites the iguana.
 The iguana is killed!
 You sense the presence of monsters.
 (For instructions type a '?')
 In what direction?
 You kick the giant bat.
 The giant bat swoops, nimbly evading your kick.
 The giant bat bites!
 The giant bat bites!
 You miss the giant bat.
 The giant bat bites!
 The giant bat bites!
 You hit the giant bat!
 Pinky misses the giant bat.
 The giant bat bites!
 Pinky bites the giant bat.
 The giant bat bites!
 You miss the giant bat.
 Pinky misses the giant bat.
 The giant bat bites!
 Pinky misses the giant bat.
 The giant bat bites!
 You die...
 Do you want your possessions identified? [ynq] (y)
 Do you want to see your attributes? [ynq] (y)

Inventory:
 Coins    ('$')
  $ - 82 gold pieces
 Weapons  (')')
  s - a +0 orcish dagger
  v - a cursed -5 orcish dagger
  a - a blessed +1 mace (weapon in right hand)
  x - a blessed +1 mace
 Armor    ('[')
  c - a +0 small shield (being worn)
  b - a +0 robe
  k - a blessed +0 leather jacket (being worn)
 Comestibles  ('%')
  H - a slime mold
  e - 3 cloves of garlic
  J - a fortune cookie
  C - 2 lembas wafers
  f - a sprig of wolfsbane
  z - a lichen corpse
 Scrolls  ('?')
  l - a scroll of amnesia
  j - a scroll of remove curse
 Potions  ('!')
  I - a potion of extra healing
  A - 3 potions of healing
  E - a potion of monster detection
  G - a potion of polymorph
  d - 4 potions of holy water
 Rings    ('=')
  y - a ring of warning
 Wands    ('/')
  D - a wand of light (0:11)
  m - a wand of slow monster (0:4)
  r - a wand of teleportation (0:4)
 Tools    ('(')
  K - a stethoscope
  q - a tin opener
  B - a tin whistle
 Gems/Stones  ('*')
  w - an opal named soft

Eymerich the Priest's attributes:

Background:
 You were an Acolyte, a level 4 elven Priest.
 You were chaotic, nominally on a mission for Susanowo
 who was opposed by Amaterasu Omikami (lawful) and Raijin (neutral).
 You were right-handed.
 You were in the Dungeons of Doom, on level 6.
 You entered the dungeon 2172 turns ago.
 You had 109 experience points, 51 more were needed to attain level 5.

Basics:
 You had 0 out of 27 hit points.
 You had 48 out of 52 energy points (spell power).
 Your armor class was 8.
 Your wallet contained 82 zorkmids.
 Autopickup was off.

Final Characteristics:
 Your strength was 12 (limit:18).
 Your dexterity was 10 (limit:18).
 Your constitution was 13 (limit:16).
 Your intelligence was 9 (limit:20).
 Your wisdom was 20 (limit:20).
 Your charisma was 10 (limit:18).

Final Status:
 You weren't hungry.
 You were unencumbered.
 You were wielding a mace.
 You had basic skill with mace.

Final Attributes:
 You were piously aligned.
 You were sleep resistant.
 You had infravision.
 You are dead.

Miscellaneous:
 You didn't encounter any bones levels.
 Total elapsed playing time was 49 minutes and 20 seconds.

Major events:
 Turn
    1: Eymerich the chaotic elven Priest entered the dungeon
 1259: attained the rank of Acolyte (level 3)
 1469: entered the Gnomish Mines
 2172: killed by a giant bat

Spells:
 Name                 Level Category     Fail Retention
 detect monsters        1   divination     0%  76%-100%
 detect unseen          3   divination    81%  76%-100%

Skills:
 Fighting Skills
   bare handed combat [Unskilled]
 Weapon Skills
   club               [Unskilled]
   mace               [Basic]
   morning star       [Unskilled]
   flail              [Unskilled]
   hammer             [Unskilled]
   quarterstaff       [Unskilled]
   polearms           [Unskilled]
   spear              [Unskilled]
   trident            [Unskilled]
   lance              [Unskilled]
   bow                [Unskilled]
   sling              [Unskilled]
   crossbow           [Unskilled]
   dart               [Unskilled]
   shuriken           [Unskilled]
   boomerang          [Unskilled]
   unicorn horn       [Unskilled]
 Spellcasting Skills
   healing spells     [Unskilled]
   divination spells  [Unskilled]
   clerical spells    [Basic]

Voluntary challenges:
 Character rerolling was not enabled.
 You were an atheist.
 You never genocided any monsters.
 You never polymorphed an object.
 You never changed form.
 You used no wishes.
Achievements:
 You attained the rank of Acolyte.
 You entered the Gnomish Mines.

 The Dungeons of Doom: levels 1 to 6
    Level 1:
    Level 2:
       A grave.
    Level 3: "vault, closed shop"
    Level 4: "closed shop"
       A fountain.
       Stairs down to The Gnomish Mines.
    Level 5:
       A fountain, a grave.
    Level 6: <- You were here.
       Final resting place for
          you, killed by a giant bat.
 The Gnomish Mines:
    Level 5:


Vanquished creatures:
  a pony
  2 shriekers
  a giant bat
 an orc zombie
  2 dwarf zombies
  2 iguanas
 an acid blob
  2 coyotes
  a manes
  a cave spider
  a green mold
  2 geckos
  3 jackals
  3 goblins
  a sewer rat
  4 grid bugs
  2 lichens
 10 newts
40 creatures vanquished.

No species were genocided or became extinct.

Game over:
                       ----------
                      /          \
                     /    REST    \
                    /      IN      \
                   /     PEACE      \
                  /                  \
                  |     Eymerich     |
                  |      82 Au       |
                  |   killed by a    |
                  |    giant bat     |
                  |                  |
                  |                  |
                  |       2026       |
                 *|     *  *  *      | *
        _________)/\\_//(\/(/\)/\//\/|_)_______

Goodbye Eymerich the Priest...

You died in The Dungeons of Doom on dungeon level 6 with 780 points,
and 82 pieces of gold, after 2172 moves.
You were level 4 with a maximum of 27 hit points when you died.

